 Dungeon Crawl Stone Soup version 0.22-a0-580-gd5db89c (webtiles) character file.

70 Dethcloth the Covered (level 4, 0/40 HPs)
             Began as a Minotaur Fighter on July 2, 2018.
             Slain by Sigmund
             ... wielding a +0 scythe
              (3 damage)
             ... on level 2 of the Dungeon.
             The game lasted 00:08:23 (1028 turns).

Dethcloth the Covered (Minotaur Fighter)            Turns: 1028, Time: 00:08:23

Health: 0/40       AC:  7    Str: 19 (22) XL:     4   Next: 3%
Magic:  3/3        EV:  7    Int:  3 (5)  God:
Gold:   34         SH:  9    Dex:  7 (9)  Spells: 3/3 levels left

rFire    . . .     SeeInvis .   a - +0 long sword
rCold    + . .     Gourm    .   c - +0 shield
rNeg     . . .     Faith    .   b - +0 scale mail
rPois    .         Spirit   .   (helmet restricted)
rElec    .         Reflect  .   (no cloak)
rCorr    .         Harm     .   (no gloves)
MR       .....                  (no boots)
Stlth    ..........             (no amulet)
HPRegen  0.13/turn              i - ring of wizardry
MPRegen  0.08/turn              p - ring of protection from cold

@: hasted, very quick
A: retaliatory headbutt, horns 2
a: no special abilities


You were on level 2 of the Dungeon.
You were not hungry.

You visited 1 branch of the dungeon, and saw 2 of its levels.

You collected 34 gold pieces.

Inventory:

Hand Weapons
 a - a +0 long sword (weapon)
Missiles
 h - 87 stones (quivered)
 n - 25 arrows
Armour
 b - a +0 scale mail (worn)
 c - a +0 shield (worn)
 j - a +0 scale mail
 o - a +0 ring mail
Jewellery
 i - a ring of wizardry (left hand)
 p - a ring of protection from cold (right hand)
Scrolls
 e - a scroll of identify
 k - a scroll of amnesia {unknown}
 m - a scroll of blinking
 q - a scroll of fear
Potions
 d - 2 potions of might
Comestibles
 f - 7 rations


   Skills:
 + Level 3.8 Fighting
 + Level 3.8 Long Blades
 + Level 4.7 Armour
 + Level 4.0 Shields


You had 3 spell levels left.
You didn't know any spells.
Your spell library was empty.

Dungeon Overview and Level Annotations

Branches:
Dungeon (2/15)

Altars:

Annotations:
D:2 Sigmund


Innate Abilities, Weirdness & Mutations

You reflexively headbutt those who attack you in melee.
You have a pair of horns on your head.


Message History

The puff of flame hits you!
* * * LOW HITPOINT WARNING * * *
Something hits you but does no damage.
It was a potion of haste.
You feel yourself speed up.
You closely miss something. Your headbutt misses something.
You block something's attack.
You closely miss something. You closely miss something. Something hits you.
* * * LOW HITPOINT WARNING * * *
You closely miss something. Your headbutt misses something.
Your shield and scale mail prevent you from hitting something.
Something hits you.
* * * LOW HITPOINT WARNING * * *
You closely miss something. Your headbutt misses something.
Something hits you but does no damage. You block something's attack.
Something hits you but does no damage.
You miss something. You miss something. Your headbutt misses something.
Something hits you.
You die...

##.##.#....#.#
.........#.#.####
.#>......#......#
.#.#...(†#......#
...<..(.†....(..#
##..............#
.........#......#
#######..#.....{########
#>........@......#
#.#..............#
#(#..............#
###..............#
#..............#
#..............#
#..............#
#..............#
#..............#


There were no monsters in sight!

Vanquished Creatures
  5 adders (D:2)
  An ooze (D:2)
  2 goblins (D:1)
  4 hobgoblins
  2 kobolds
  6 bats
  3 frilled lizards
  2 rats (D:1)
25 creatures vanquished.

Notes
Turn   | Place    | Note
-------+----------+-------------------------------------------
     0 | D:1      | Dethcloth the Minotaur Fighter began the quest for the Orb.
     0 | D:1      | Reached XP level 1. HP: 19/19 MP: 0/0
   297 | D:1      | Reached XP level 2. HP: 27/27 MP: 1/1
   796 | D:2      | Reached XP level 3. HP: 32/33 MP: 2/2
   981 | D:2      | Noticed Sigmund
   990 | D:2      | Reached XP level 4. HP: 17/40 MP: 3/3
  1006 | D:2      | HP: 1/40 [something (6)]
  1028 | D:2      | Slain by Sigmund

Vault maps used:
D:1:      mrwooster_arrival_statue, minmay_pentomino_u2
D:2:      first_ration, kennysheep_generic_room_16, uniq_sigmund

Skill      XL: |  1  2  3 |
---------------+----------+-----
Armour         | 4 |  4.7
Shields        | 4 |  4.0
Long Blades    | 3 |  3.8
Fighting       | |  3.8

Action                   |  1- 3 |  4- 6 || total
-------------------------+-------+-------++-------
Melee: Long sword        |    70 |    10 ||    80
       Headbutt          |     8 |       ||     8
Throw: Stone             |    24 |     5 ||    29
  Use: Scroll            |     2 |       ||     2
       Potion            |       |     2 ||     2
  Eat: Ration            |     1 |       ||     1
Armor: Scale mail        |    46 |     3 ||    49
Dodge: Dodged            |    19 |     1 ||    20
Block: Shield            |    43 |     3 ||    46
       Rpst.: Long sword |     2 |       ||     2

Table legend:
 A = Spawn XP
 B = Non-spawn XP
 C = Spawn XP percentage of total XP
 D = Spawn monster count
 E = Non-spawn monster count
 F = Spawn count percentage of total count
 G = Total turns spent on level
                    A         B        C        D         E        F      G
               +---------+---------+-------+---------+---------+-------+---------
         Total |       0 |     100 |   0.0 |       0 |      25 |   0.0 |  1028
               +---------+---------+-------+---------+---------+-------+---------
           D:1 |       0 |      17 |   0.0 |       0 |      12 |   0.0 |   588
           D:2 |       0 |      83 |   0.0 |       0 |      13 |   0.0 |   440
               +---------+---------+-------+---------+---------+-------+---------
